Map: Submarine LE

Players

RagnaroK (SHIN) - Winner!

  • Race: Zerg Zerg
  • Spawn Location: 11:00

Neeb

  • Race: Protoss Protoss
  • Spawn Location: 5:00

Event: IEM Katowice 2021

VOD

Have the link to the VOD?

Description

Time

  • Played on: Feb. 25, 2021, 8:21 a.m.
  • Length: 7:35

All games in this series

Show
View Real Time Build Order
Export as new Build Order

RagnaroK Zerg - Winner!

Build Orders: Hatch First 

Get SALT Encoding   

  12  0:00  Drone  
  13  0:12  Overlord  
  13  0:17  Drone  
  14  0:31  Drone x2  
  16  0:36  Drone  
  17  0:51  Hatchery  
  17  0:56  Drone  
  17  0:58  Drone  
  18  1:13  Spawning Pool, Extractor  
  18  1:15  Drone  
  17  1:18  Drone  
  18  1:28  Drone  
  19  1:39  Drone  
  20  1:50  Drone  
  21  2:00  Zergling x2  
  22  2:03  Queen  
  22  2:04  Queen  
  22  2:05  Zergling x2  
  27  2:12  Overlord  
  27  2:14  Drone  
  28  2:17  Metabolic Boost  
  28  2:30  Drone x2  
  28  2:33  Drone  
  28  2:36  Drone  
  32  2:43  Drone  
  33  2:47  Drone  
  33  2:49  Hatchery  
  33  2:54  Queen  
  33  2:57  Overlord  
  35  3:03  Drone  
  36  3:12  Overlord  
  36  3:17  Drone x5  
  41  3:26  Overlord  
  41  3:28  Drone  
  41  3:31  Queen  
  44  3:38  Spore Crawler  
  44  3:41  Zergling x4  
  44  3:45  Zergling x12  
  51  3:51  Roach Warren  
  51  3:52  Zergling x2  
  51  3:53  Zergling x2  
  52  4:00  Drone  
  52  4:01  Drone x2  
  55  4:14  Overlord  
  55  4:16  Drone  
  56  4:18  Zergling x14  
  56  4:22  Zergling x2  
  56  4:23  Zergling x2  
  65  4:25  Zergling x2  
  65  4:39  Zergling x6  
  67  4:46  Drone x6  
  67  4:48  Overlord  
  67  4:50  Overlord  
  64  4:57  Drone x5  
  61  5:02  Extractor  
  61  5:05  Drone  
  61  5:07  Drone  
  61  5:08  Drone  
  63  5:15  Roach x3  
  63  5:16  Roach  
  63  5:20  Roach x3, Extractor  
  76  5:23  Roach  
  76  5:27  Lair  
  78  5:31  Spore Crawler  
  78  5:32  Roach  
  78  5:33  Roach  
  81  5:37  Overlord  
  81  5:40  Overlord  
  81  5:47  Overlord  
  80  5:57  Zergling x20  
  87  6:06  Zergling x10  
  87  6:10  Overlord  
  92  6:14  Zergling x2  
  92  6:17  Overlord  
  92  6:18  Zergling x2  
  94  6:24  Zergling x10  
  98  6:31  Ravager x5  
  104  6:32  Ravager  
  104  6:33  Zergling x2  
  104  6:34  Zergling x8  
  104  6:39  Zergling x2  
  110  6:46  Zergling x6  
  113  6:53  Zergling x12  
  105  6:57  Zergling x2  
  105  6:58  Ravager x2  
  105  7:00  Ravager  
  107  7:02  Zergling x8  
  107  7:03  Zergling x2  
  111  7:15  Zergling x6  
  112  7:18  Zergling x2  
Show
View Real Time Build Order
Export as new Build Order

Neeb Protoss 

Build Orders: 1 Gate Expand, Mass Adepts 

Get SALT Encoding   

  12  0:00  Probe  
  13  0:12  Probe  
  14  0:18  Pylon  
  14  0:24  Probe (Chrono Boost)  
  15  0:37  Probe (Chrono Boost)  
  15  0:40  Gateway  
  16  0:45  Probe (Chrono Boost)  
  16  0:49  Assimilator  
  17  0:51  Probe  
  18  1:03  Probe  
  19  1:15  Probe  
  20  1:25  Nexus  
  20  1:34  Cybernetics Core  
  20  1:38  Probe  
  21  1:43  Assimilator  
  21  1:50  Probe  
  22  1:55  Pylon  
  22  2:02  Probe (Chrono Boost)  
  23  2:08  Warp Gate (Chrono Boost)  
  23  2:11  Adept (Chrono Boost)  
  23  2:13  Probe (Chrono Boost)  
  26  2:20  Probe  
  27  2:25  Twilight Council  
  27  2:32  Probe  
  27  2:34  Stalker  
  30  2:38  Probe  
  32  2:47  Gateway  
  31  2:52  Gateway  
  31  2:55  Probe  
  31  2:56  Resonating Glaives (Chrono Boost)  
  31  2:57  Probe  
  33  3:07  Probe  
  33  3:09  Probe  
  33  3:12  Adept  
  37  3:17  Pylon  
  37  3:19  Probe  
  38  3:22  Probe  
  39  3:30  Pylon  
  39  3:31  Probe  
  39  3:34  Probe  
  41  3:42  Robotics Facility  
  41  3:46  Probe  
  43  3:49  Adept x3  
  43  3:52  Probe  
  49  3:58  Probe  
  49  4:00  Assimilator  
  50  4:05  Probe  
  50  4:09  Adept x2  
  55  4:10  Adept  
  55  4:11  Probe  
  55  4:16  Pylon  
  58  4:18  Probe  
  59  4:25  Probe  
  59  4:26  Assimilator  
  59  4:30  Gateway, Observer (Chrono Boost)  
  61  4:43  Robotics Bay, Probe  
  61  4:45  Pylon  
  62  4:48  Warp Prism (Chrono Boost)  
  62  4:50  Probe  
  63  4:55  Adept x3  
  56  5:00  Probe  
  56  5:05  Probe  
  57  5:15  Adept x3  
  63  5:21  Probe x2  
  63  5:25  Forge  
  65  5:29  Disruptor (Chrono Boost)  
  65  5:31  Gravitic Drive  
  68  5:38  Shield Battery  
  68  5:40  Adept x2  
  68  5:41  Adept  
  74  5:49  Nexus  
  74  5:51  Probe  
  76  5:59  Pylon  
  76  6:02  Disruptor (Chrono Boost)  
  76  6:04  Pylon  
  76  6:05  Pylon  
  78  6:17  Probe x2  
  80  6:22  Adept x3  
  80  6:24  Shield Battery  
  86  6:30  Probe  
  86  6:32  Colossus (Chrono Boost)  
  93  6:33  Probe  
  94  6:42  Probe  
  94  6:45  Probe  
  80  6:55  Probe  
  80  6:58  Stalker  
  80  6:59  Stalker x2  
  66  7:29  Pylon  
  63  7:31  Adept  

Tags
 
Add a new tag
Caveats
  • Supply blocks, unpowered buildings, or Contaminate may cause inaccurate times.
  • Supply counts are checked every 10 seconds.